Map: Ulrena

Players

RELAX - Winner!

  • Race: Terran Terran
  • League: Silver

pupu

  • Race: Protoss Protoss
  • League: Silver

VOD

Have the link to the VOD?

Description

Time

  • Played on: April 3, 2016, 3:26 p.m.
  • Length: 5:14
Show
View Real Time Build Order
Export as new Build Order

RELAX Terran - Winner!

Build Orders:  

Get SALT Encoding   

  12  0:01  SCV  
  13  0:13  SCV  
  14  0:26  SCV  
  15  0:41  Supply Depot  
  15  1:07  Barracks  
  15  1:08  Barracks  
  15  1:09  Barracks  
  15  1:12  SCV  
  16  1:24  SCV  
  17  1:38  SCV  
  18  1:44  Supply Depot  
  18  1:57  Barracks  
  18  2:04  Barracks  
  18  2:06  Marine x2  
  18  2:07  Marine  
  21  2:24  Marine x2  
  21  2:25  Marine  
  24  2:32  Supply Depot  
  24  2:42  Marine x2  
  24  2:43  Marine  
  27  2:46  Marine  
  28  2:55  Marine  
  29  3:00  Marine x2  
  29  3:01  Marine  
  29  3:03  Marine  
  33  3:13  Marine  
  33  3:17  Marine  
  33  3:18  Marine  
  33  3:19  Marine  
  30  3:38  Marine x2  
  31  3:41  Marine  
  31  3:47  Marine  
Show
View Real Time Build Order
Export as new Build Order

pupu Protoss 

Build Orders:  

Get SALT Encoding   

  12  0:01  Probe (Chrono Boost)  
  13  0:11  Probe (Chrono Boost)  
  14  0:18  Pylon  
  14  0:22  Probe (Chrono Boost)  
  15  0:37  Probe (Chrono Boost)  
  15  0:38  Gateway  
  16  0:47  Probe (Chrono Boost)  
  17  0:51  Assimilator  
  17  0:58  Probe (Chrono Boost), Assimilator  
  18  1:08  Probe (Chrono Boost)  
  19  1:12  Gateway  
  19  1:19  Probe (Chrono Boost)  
  20  1:27  Cybernetics Core  
  20  1:30  Probe (Chrono Boost)  
  21  1:38  Pylon  
  21  1:41  Probe (Chrono Boost)  
  22  1:52  Probe (Chrono Boost)  
  23  2:04  Mothership Core (Chrono Boost)  
  23  2:06  Stalker (Chrono Boost)  
  27  2:09  Stalker (Chrono Boost)  
  29  2:24  Warp Gate (Chrono Boost)  
  30  2:30  Probe (Chrono Boost)  
  30  2:34  Pylon  
  30  2:42  Probe (Chrono Boost)  
  31  2:50  Pylon  
  31  2:52  Adept x2  
  35  3:21  Adept x2  
  39  3:29  Probe (Chrono Boost)  
  40  3:36  Gateway  
  40  3:37  Gateway  
  40  3:39  Gateway  
  40  3:48  Stalker  
  33  4:34  Adept  
  33  4:35  Adept  
  27  4:47  Gateway  
  27  4:50  Pylon  
  27  4:52  Pylon  
  27  4:54  Pylon  
Tags
 
Add a new tag
Caveats
  • Supply blocks, unpowered buildings, or Contaminate may cause inaccurate times.
  • Supply counts are checked every 10 seconds.